[Event "*** Titled Tuesday Blitz"]
[Site "Chess.com"]
[Date "2020.05.19"]
[Round "7"]
[White "PavelShkapenko"]
[Black "ZEN-22"]
[Result "0-1"]
[WhiteElo "2660"]
[BlackElo "2528"]
[TimeControl "180+1"]
[EndTime "13:21:39 PDT"]
[Termination "ZEN-22 won by resignation"]

1. e4 e6 2. d4 c5 3. c3 d5 4.
exd5 exd5 5. Nf3 Nc6 6. g3 Nf6 7. Bg2 cxd4 8. O-O dxc3 9. Nxc3 Be7 10. Bg5 O-O 11. Re1 h6 12. Bf4 d4 13. Nb5 Bb4 14. Rf1 Nd5 15. Nfxd4 Nxf4 16. gxf4 Nxd4 17. Qxd4 Qxd4 18. Nxd4 Bd2 19. f5 Rd8 20. Nb3 Bxf5 21. Rad1 Bf4 22. Bxb7 Rxd1 23. Rxd1 Rb8 24. Bc6 Bc2 25.
Rd7 a5 26. Bd5 Bg6 27. Nxa5 Rxb2 28. Nc6 Bg5 29. Ne7+ Kh7 30. Nxg6 fxg6 31. a4 Bh4 32. Rf7 Rd2 33. Bc6 Rc2 34. Bb5 Rb2 35. Rf4 Bg5 36. Re4 Bd8 37. Kg2 Bb6 38. Rf4 h5 39. h4 Kh6 40.
Rf3 Bd8 41. Kg3 Rb4 42. Rf8 Bxh4+ 43. Kf3 Be7 44. Rf4 Rb3+ 45. Kg2 Bd6 46. Rf3 Rb4 47. Re3 Bc5 48. Rc3 Bb6 49. Rc6 Bd4 50. Bd3 Bf6 51. a5 Ra4 52. a6 Ra3 53. Be2 g5 54. Rc7 g4 55. Bc4 Bd4 56. Rd7 Bf6 57. Rc7 Kg5 58. Bd5 Rxa6 59. Rc5 Bd4 60. Bf7+ Bxc5 0-1

[Event "*** Titled Tuesday Blitz"]
[Site "Chess.com"]
[Date "2020.05.19"]
[Round "7"]
[White "velemajstor767276"]
[Black "Incognito2525"]
[Result "1-0"]
[WhiteElo "2636"]
[BlackElo "2496"]
[TimeControl "180+1"]
[EndTime "13:21:39 PDT"]
[Termination "velemajstor767276 won by checkmate"]

1. d4 Nf6 2. Bg5 g6 3. Bxf6 exf6 4. e3 h5 5. h4 b6 6. Be2 Bb7 7. Bf3 d5 8. c4 f5 9. Nc3 c6 10. cxd5 Be7 11. dxc6 Nxc6 12. g3 O-O 13. Nge2 Bd6 14.
Rc1 Rc8 15. O-O g5 16. hxg5 Qxg5 17. Kg2 h4 18. Rh1 hxg3 19. Rh5 Qg6 20. Qh1 Kg7 21.
Nxg3 Rh8 22. Ne2 Bxg3 23. Nxg3 Nxd4 24. Bxb7 Rxh5 25. Qxh5 Rxc1 26. exd4 Rc2 27. Qxf5 Qxf5 28. Nxf5+ Kf6 29. Ne3 Rxb2 30. Bd5 Ke7 31. Bb3 a5 32.
Kf3 b5 33. Bd5 f6 34. Ke4 Kd7 35. f4 a4 36. f5 b4 37. Nc4 Rxa2 38. Nb6+ Kd6 39. Bxa2 b3 40. Bb1 Kc6 41. Nc4 Kb5 42. Kd3 Kb4 43. d5 Kc5 44. Kc3 Kxd5 45. Nb6+ Kc5 46.
Nxa4+ Kb5 47. Kxb3 Kc6 48. Kc3 Kd5 49. Kd3 Ke5 50.
Ke3 Kd5 51. Nc3+ Ke5 52. Kf3 Kd4 53. Ne2+ Ke5 54. Ng3 Kd6 55. Kf4 Ke7 56. Nh5 Kf7 57. Ke4 Ke7 58. Kd5 Kf7 59. Kd6 Kg8 60. Nxf6+ Kg7 61. Ne4 Kh6 62. f6 Kg6 63. Ke7 Kf5 64. f7 Ke5 65. f8=Q Kd4 66. Nd6 Ke3 67. Qf5 Ke2 68. Qe4+ Kd2 69. Qd3+ Ke1 70. Qc2 Kf1 71. Ne4 Kg1 72. Qf2+ Kh1 73. Ng3# 1-0

[Event "*** Titled Tuesday Blitz"]
[Site "Chess.com"]
[Date "2020.05.19"]
[Round "7"]
[White "Korona_91"]
[Black "InitiatingASC"]
[Result "0-1"]
[WhiteElo "2525"]
[BlackElo "2381"]
[TimeControl "180+1"]
[EndTime "13:21:39 PDT"]
[Termination "InitiatingASC won by resignation"]

1. e4 c5 2. Nf3 Nc6 3. Bb5 Nf6 4.
Nc3 g6 5. Bxc6 dxc6 6. e5 Nd5 7. Ne4 b6 8. O-O Bg7 9. c4 Nc7 10. d3 Bg4 11. Bf4 Ne6 12. Bg3 Nd4 13. Ned2 Bf5 14.
Ne4 Bg4 15. Re1 O-O 16. Ned2 Qd7 17. h3 Bf5 18. Ne4 Rad8 19. Re3 Bh6 20. Re1 Nxf3+ 21. Qxf3 Qxd3 22. Qxd3 Rxd3 23. Nc3 Rfd8 24. Bh4 Kf8 25. g4 Be6 26. Kg2 Bd2 27. Re2 Bxc3 28. bxc3 Rxc3 29. f4 Bxc4 30. Rf2 Rdd3 31. f5 Bd5+ 32. Kg1 Rxh3 33. Rh2 Rxh2 34. Kxh2 Rc2+ 35. Kh3 Rxa2 36. Re1 c4 37. e6 f6 38. g5 Ra3+ 39. Kh2 fxg5 40. Bxg5 gxf5 41. Bc1 Rf3 42. Bh6+ Ke8 43. Bg7 c3 44.
Rc1 Bxe6 45. Bxc3 Bd5 46. Be5 Kd7 47. Ra1 a5 48. Bd4 c5 49. Be5 Kc6 50. Re1 e6 51. Rg1 Rf2+ 52. Kh3 Re2 53. Bf4 a4 54. Rg7 a3 55.
Ra7 a2 56. Rc7+ Kb5 57. Ra7 Kc4 58. Bg5 b5 59. Bf6 b4 60. Kg3 h5 61. Kf4 Kb3 62. Ra8 Bxa8 63. Ba1 Bd5 0-1

[Event "*** Titled Tuesday Blitz"]
[Site "Chess.com"]
[Date "2020.05.19"]
[Round "7"]
[White "talaicito"]
[Black "silverback96"]
[Result "1-0"]
[WhiteElo "2178"]
[BlackElo "2307"]
[TimeControl "180+1"]
[EndTime "13:21:39 PDT"]
[Termination "talaicito won by checkmate"]

1. d4 Nf6 2. Nc3 d5 3. Bf4 e6 4. e3 Bb4 5. Ne2 Nh5 6. Bg3 c5 7. a3 Ba5 8. dxc5 Nxg3 9. hxg3 Bc7 10. Qd4 Qf6 11. Qxf6 gxf6 12. O-O-O Nd7 13. Nb5 Bb8 14.
Nd6+ Ke7 15. Nxc8+ Rxc8 16. Rxh7 Nxc5 17. f3 Bd6 18. g4 Rab8 19. Nd4 a6 20. Kd2 Na4 21. Rb1 b5 22. c3 Nb6 23. Bd3 Be5 24. Bg6 Rf8 25.
Nc6+ Kd6 26. Nxb8 Nc4+ 27. Ke2 fxg6 28. Nxa6 Ra8 29. Nb4 Rc8 30. f4 g5 31. fxe5+ Kxe5 32. Nd3+ Ke4 33. Re7 Rc6 34. Nf2+ Ke5 35. Nd3+ Ke4 36.
Nf2+ Ke5 37. b3 Nxa3 38. Ra1 b4 39. Nd3+ Ke4 40. Nxb4 Rxc3 41. Rxa3 Rxe3+ 42. Kd2 e5 43. Ra5 d4 44. Nc6 Rg3 45. Nxe5 Rxg2+ 46. Ke1 fxe5 47. Rexe5+ Kd3 48. Rxg5 Rb2 49. Rab5 Rb1+ 50. Kf2 Kd2 51. Rbd5 d3 52. Rd4 Rxb3 53. Rgd5 Kc2 54. g5 Rc3 55. Rxd3 Rc6 56. Rd6 Rc7 57. g6 Rc5 58. g7 Rf5+ 59. Ke3 Rg5 60. Rd7 Rg3+ 61. Kf4 Rg2 62. Rd2+ Rxd2 63. Rxd2+ Kxd2 64. g8=Q Ke2 65. Qc4+ Ke1 66. Qc2 Kf1 67. Kf3 Kg1 68. Qg2# 1-0

[Event "*** Titled Tuesday Blitz"]
[Site "Chess.com"]
[Date "2020.05.19"]
[Round "7"]
[White "wonderfultime"]
[Black "TenisMaster"]
[Result "1-0"]
[WhiteElo "3005"]
[BlackElo "2789"]
[TimeControl "180+1"]
[EndTime "13:21:41 PDT"]
[Termination "wonderfultime won on time"]

1. d4 Nf6 2. Nf3 d5 3. Bf4 c5 4.
c3 e6 5. e3 Bd6 6. Bb5+ Nc6 7.
Bg3 Ne4 8. Nbd2 Nxg3 9. hxg3 Bd7 10. Bd3 h6 11. O-O O-O 12. Qe2 Re8 13. dxc5 Bxc5 14.
e4 Bf8 15. Rfe1 dxe4 16. Bxe4 Qc7 17. Rad1 Rad8 18. Nc4 Bc8 19. Bc2 g6 20. Ne3 Bg7 21. Bb3 Rxd1 22. Rxd1 Rd8 23. Re1 Na5 24. Bc2 b6 25.
Be4 Nb7 26. Bb1 Nc5 27. Rd1 Ba6 28. Qe1 Nd3 29. Bxd3 Rxd3 30. Rxd3 Bxd3 31. Ng4 Bc4 32. a3 Bd5 33. Ne3 Bc6 34. Qe2 Qd7 35. Ng4 Qd5 36.
Ne3 Qe4 37. Qa6 Qb1+ 38. Kh2 Bxf3 39. gxf3 Qxb2 40. Kg2 Qxc3 41. Qxa7 Qc6 42. Qb8+ Kh7 43. Qa7 Kg8 44. Qb8+ Bf8 45. Qd8 Qd6 46. Qe8 Qxa3 47. Ng4 Qe7 48. Qb8 Qd6 49. Nf6+ Kh8 50. Qa8 b5 51. Ne4 Qe7 52. Qb8 b4 53. Qe5+ Bg7 54.
Qb8+ Kh7 55. Qb5 f5 56. Nc5 Bf8 57. Nd7 Bg7 58. Qb7 Bf8 59. Nxf8+ 1-0

[Event "*** Titled Tuesday Blitz"]
[Site "Chess.com"]
[Date "2020.05.19"]
[Round "7"]
[White "santosalberto1987"]
[Black "cassoulet"]
[Result "1/2-1/2"]
[WhiteElo "2488"]
[BlackElo "2642"]
[TimeControl "180+1"]
[EndTime "13:21:43 PDT"]
[Termination "Game drawn - insufficient material"]

1. e4 c5 2. Nf3 Nc6 3. Nc3 g6 4.
d4 cxd4 5. Nxd4 Bg7 6. Be3 Nf6 7. Bc4 O-O 8. Bb3 d6 9. f3 Nxd4 10. Bxd4 Be6 11. Qd2 Qa5 12. O-O-O Rfc8 13. Kb1 Bxb3 14. cxb3 Rc6 15. h4 Rac8 16. h5 Nxh5 17. Bxg7 Kxg7 18.
g4 Rxc3 19. bxc3 Nf6 20. c4 Qxd2 21. Rxd2 h5 22. gxh5 Nxh5 23. e5 dxe5 24. Rd7 Rb8 25. Rxe7 Kf6 26. Rc7 a6 27. c5 Ke6 28. c6 bxc6 29.
Rxc6+ Kf5 30. Rxa6 Nf4 31. Kc2 Nd5 32. Ra7 f6 33. a4 Kf4 34. Rh3 Ne3+ 35. Kc3 Nd5+ 36. Kb2 f5 37. a5 Nb4 38. a6 Rc8 39. Ka3 Nd3 40. b4 Rc1 41. b5 Rb1 42. Rb7 Nc5 43.
Rb8 Nd7 44. Rd8 Nb6 45. Rh6 Rxb5 46. Rxg6 Nc4+ 47. Ka4 Rb1 48. Rd7 Ra1+ 49. Kb5 Ne3 50. a7 Kxf3 51. Rg8 Rxa7 52. Rxa7 e4 53. Rf7 f4 54. Rgf8 Ng2 55. Kc4 e3 56. Kd3 e2 57.
Rxf4+ Nxf4+ 58. Rxf4+ Kxf4 59. Kxe2 1/2-1/2

[Event "*** Titled Tuesday Blitz"]
[Site "Chess.com"]
[Date "2020.05.19"]
[Round "7"]
[White "RobPeresian"]
[Black "Tsyhanchuk_Stanislav"]
[Result "1-0"]
[WhiteElo "2291"]
[BlackElo "2445"]
[TimeControl "180+1"]
[EndTime "13:21:44 PDT"]
[Termination "RobPeresian won by resignation"]

1. Nf3 c5 2. c4 Nc6 3. Nc3 g6 4. e3 Bg7 5. d4 d6 6. d5 Ne5 7.
Nd2 Nf6 8. e4 O-O 9. f4 Neg4 10.
Nf3 e6 11. Bd3 exd5 12. cxd5 b5 13. h3 b4 14. Ne2 Nh6 15. g4 c4 16. Bc2 Nhxg4 17.
hxg4 Bxg4 18. Ng3 Re8 19. O-O h5 20. Qd2 Bxf3 21. Rxf3 h4 22. Nf1 Nxe4 23. Bxe4 Rxe4 24. Qxb4 h3 25. Qd2 Qh4 26. Qf2 Bd4 27. Be3 Qg4+ 28. Kh2 Rae8 29. Re1 c3 30. bxc3 Bxc3 31. Re2 Bd4 32.
Ng3 Bxe3 33. Rfxe3 Rxe3 34. Rxe3 Rxe3 35. Qxe3 Qc8 36. Qe2 Qd7 37. Ne4 Qf5 38. Qf3 Kg7 39. Nxd6 Qc2+ 40. Kxh3 f6 41. Ne4 Qb2 42. Ng3 Qd4 43. Qe4 Qd1 44. Qe7+ Kh6 45. Qxf6 Qxd5 46. Qg5+ Qxg5 47. fxg5+ Kxg5 48. Kg2 Kf6 49. Kf3 Ke5 50. Ke3 g5 51. Kd3 g4 52. Ke3 a6 53. Ne2 Kd5 54.
Kd3 Ke5 55. Kc4 Ke4 56. Ng3+ Kf3 57. Nh5 g3 58. Nxg3 Kxg3 59. Kb4 Kf4 60. Ka5 Ke5 61.
Kxa6 Kd6 62. Kb6 1-0

[Event "*** Titled Tuesday Blitz"]
[Site "Chess.com"]
[Date "2020.05.19"]
[Round "7"]
[White "DivyaDeshmukh23"]
[Black "Meri-Arabidze"]
[Result "0-1"]
[WhiteElo "2464"]
[BlackElo "2612"]
[TimeControl "180+1"]
[EndTime "13:21:45 PDT"]
[Termination "Meri-Arabidze won on time"]

1. e4 e5 2. Nc3 Nc6 3. Bc4 Nf6 4. d3 Na5 5. Nge2 Bc5 6. O-O O-O 7. Bg5 h6 8. Bh4 Nxc4 9. dxc4 g5 10. Bg3 d6 11. a3 a5 12. Kh1 Be6 13. b3 Nh5 14. Qd2 Kh7 15. Na4 Ba7 16. c5 Bxc5 17. Nxc5 dxc5 18.
Qc3 Nxg3+ 19. fxg3 c4 20. Rad1 Qe8 21. Qxe5 cxb3 22.
cxb3 Bxb3 23. Qf5+ Kg8 24. Rc1 Qc8 25. Qf6 Ra6 26. Qc3 Be6 27. Nd4 a4 28. Rf6 c5 29.
Nb5 Kh7 30. e5 Qd7 31. Nd6 Rxd6 32. exd6 Qxd6 33. Qf3 Kg7 34. Rf1 Qe5 35. Qh5 Qxf6 36. Rxf6 Kxf6 37. Qxh6+ Ke7 38. Qxg5+ Kd7 39. Qf4 c4 40. Qd4+ Ke7 41. Qc5+ Ke8 42. Qb5+ Ke7 43. Qxb7+ Kf6 44. Qf3+ Kg7 45. Qc3+ f6 46. Qe3 Bf7 47. h3 Rc8 48. Qc3 Rb8 49. Kg1 Rb3 50. Qa5 c3 51. Qxa4 c2 52. Qg4+ Kh7 53. Qf5+ Bg6 54. Qd7+ Kh6 55. Qd2+ Kh7 56. Qd7+ Kh6 57. Qd2+ Kg7 58. Qd7+ Bf7 0-1

[Event "*** Titled Tuesday Blitz"]
[Site "Chess.com"]
[Date "2020.05.19"]
[Round "7"]
[White "adricalderon8"]
[Black "Paul66666"]
[Result "0-1"]
[WhiteElo "2432"]
[BlackElo "2605"]
[TimeControl "180+1"]
[EndTime "13:21:46 PDT"]
[Termination "Paul66666 won on time"]

1. e4 c5 2. Nf3 Nc6 3. d4 cxd4 4. Nxd4 Nf6 5. Nc3 d6 6. Bc4 Bd7 7. O-O Rc8 8. Re1 Ne5 9. Bf1 e6 10. f4 Nc4 11. b3 Nb6 12. Bb2 Be7 13. Kh1 O-O 14.
a4 a6 15. a5 Na8 16. e5 Nd5 17. Nxd5 exd5 18. e6 fxe6 19. Nxe6 Bxe6 20. Rxe6 Nc7 21. Re1 Bf6 22. Bd4 Qd7 23. g3 Qf5 24. Bg2 Kh8 25.
c3 Nb5 26. Bxf6 Qxf6 27. Qxd5 Nxc3 28. Qxb7 d5 29. Qb6 Rc6 30. Qb4 Rfc8 31. h4 h5 32. Re5 Qg6 33. Rg5 Qc2 34. Qe7 Rg6 35. Rxg6 Qxg6 36. Qg5 Qxg5 37. hxg5 d4 38. Kg1 d3 39.
Kf2 d2 40. Bf3 Re8 41. b4 Rb8 42. Ra3 d1=Q 43. Bxd1 Nxd1+ 44. Ke2 Nb2 45. Rb3 Nc4 46. Rc3 Nd6 47. Rc6 Nf5 48. Rb6 Re8+ 49. Kf2 Nd4 50. Rxa6 Re2+ 51. Kf1 Rb2 52. Rb6 g6 53. a6 Ra2 54. b5 Ra5 55. Rxg6 Nxb5 56. Rh6+ Kg7 57. Rxh5 Rxa6 58. Rh2 Ra1+ 59. Kg2 Ra3 60. Kh3 Nd4 61. Rd2 Nf5 62. Rg2 Kg6 63. Kh2 Ne3 64. Rb2 Ng4+ 65.
Kh3 Ne3 0-1

[Event "*** Titled Tuesday Blitz"]
[Site "Chess.com"]
[Date "2020.05.19"]
[Round "7"]
[White "Cambek64"]
[Black "GoValya"]
[Result "1/2-1/2"]
[WhiteElo "2326"]
[BlackElo "2199"]
[TimeControl "180+1"]
[EndTime "13:21:46 PDT"]
[Termination "Game drawn by stalemate"]

1. e4 e6 2. d4 d5 3. Nc3 Be7 4.
e5 c5 5. f4 cxd4 6. Nce2 Nc6 7.
Nxd4 f6 8. Ngf3 fxe5 9. fxe5 Qc7 10. Nb5 Qb6 11. c3 Bd7 12. Bd3 Nh6 13. Qe2 a6 14.
Nbd4 Bc5 15. Be3 Ng4 16. Bg1 Qc7 17. Nxe6 Bxe6 18. Bxc5 Ncxe5 19. Nxe5 Qxe5 20. Bd4 Qxe2+ 21. Kxe2 Kd7 22. Bxg7 Rhe8 23. Bd4 b5 24. Kd2 Re7 25. h3 Nh6 26. g4 Nf7 27. Bf6 Ree8 28. Bxh7 Rh8 29.
Bxh8 Rxh8 30. Bd3 Ng5 31. Raf1 Nxh3 32. Bf5 Rh7 33. Bxe6+ Kxe6 34. Rf3 Ng5 35. Rxh7 Nxf3+ 36. Kc2 Ne5 37. Rh6+ Kd7 38. Rxa6 Nxg4 39. Rb6 Ne3+ 40. Kd3 Nc4 41. Rxb5 Kc6 42. Rb4 Ne5+ 43. Kc2 Kc5 44. a4 Nc6 45. Rb5+ Kd6 46. b4 d4 47. a5 Na7 48.
Rb6+ Kc7 49. cxd4 Nc8 50. Ra6 Kb7 51. b5 Kc7 52. Kc3 Kb7 53. Kb4 Kc7 54. Rc6+ Kb7 55. Rxc8 Kxc8 56. Kc5 Kb7 57. d5 Ka7 58. d6 Kb7 59. a6+ Kc8 60. Kc6 Kb8 61. b6 Ka8 62. a7 1/2-1/2

[Event "*** Titled Tuesday Blitz"]
[Site "Chess.com"]
[Date "2020.05.19"]
[Round "7"]
[White "praveenb2002"]
[Black "Salem-AR"]
[Result "0-1"]
[WhiteElo "2720"]
[BlackElo "3036"]
[TimeControl "180+1"]
[EndTime "13:21:47 PDT"]
[Termination "Salem-AR won on time"]

1. d4 Nf6 2. c4 g6 3. Nc3 Bg7 4. g3 O-O 5. Bg2 d6 6. Nf3 Nbd7 7. O-O e5 8. h3 Re8 9. e4 exd4 10. Nxd4 Nc5 11. Re1 Bd7 12. Rb1 a6 13. b4 Ne6 14.
Be3 Qc8 15. Kh2 c6 16. Nde2 Qc7 17. Qd2 Rad8 18. a4 h5 19. a5 h4 20. Bb6 hxg3+ 21. fxg3 Qb8 22. Bxd8 Rxd8 23. Rbd1 Ne8 24. Qe3 Be5 25.
Nf4 N8g7 26. Nce2 Nxf4 27. Nxf4 Re8 28. Qf3 Be6 29. Nxe6 Rxe6 30. Rf1 Qe8 31. Rd3 Nh5 32. Qg4 Qe7 33. Rdf3 Rf6 34. Rxf6 Nxf6 35. Qc8+ Kg7 36. Rb1 Nh5 37. Rb3 Qg5 38. Qg4 Qd2 39. Rf3 Qxb4 40. Qd7 Nf6 41. Qc7 Qb2 42. Qd8 Qb4 43. Qc7 Qb2 44.
Qd8 Qd4 45. Qc7 d5 46. Qxb7 dxe4 47. Rf1 Qc3 48. Qxc6 Qxg3+ 49. Kg1 e3 50. Rxf6 Bxf6 51. Qf3 Qe1+ 52. Qf1 Qxa5 53. Qe2 Qg5 54. Kf1 Bd4 55. Ke1 Bc3+ 56. Kd1 Qe5 57. Kc2 Bd4 58. Bf3 a5 59.
Kb3 Qb8+ 60. Kc2 Qb4 61. Kd3 Qc3+ 62. Ke4 a4 63. Kd5 Bf6 64. Be4 a3 65. Qd3 Qxd3+ 0-1

[Event "*** Titled Tuesday Blitz"]
[Site "Chess.com"]
[Date "2020.05.19"]
[Round "7"]
[White "StegariuVlad"]
[Black "Elbek_Jumanov"]
[Result "1/2-1/2"]
[WhiteElo "2565"]
[BlackElo "2423"]
[TimeControl "180+1"]
[EndTime "13:21:48 PDT"]
[Termination "Game drawn - timeout vs insufficient material"]

1. e4 c5 2. Nf3 e6 3. d4 cxd4 4. Nxd4 Nf6 5. Nc3 d6 6. Be2 a6 7. a4 Be7 8. O-O O-O 9. f4 Qc7 10. Be3 Nc6 11. Nb3 b6 12. Bf3 Bb7 13. Qe2 Rac8 14.
Qf2 Nd7 15. Ne2 Nb4 16. Ned4 Rfe8 17. c3 Nd3 18. Qe2 N3c5 19. Nd2 Bf8 20. b4 e5 21. bxc5 exd4 22. cxd6 Qxc3 23. Bf2 Bxd6 24. e5 Bxf3 25. Nxf3 Bc5 26. Rfc1 Qb3 27. Qxa6 d3 28. Qb5 Bxf2+ 29. Kxf2 Rc2+ 30. Kg1 Qc3 31. Rd1 Rd8 32. Qxd3 Qb2 33.
Rab1 Rxg2+ 34. Kh1 Qa2 35. Rbc1 h6 36. Rc7 Qf2 37.
Rd2 Rxh2+ 38. Nxh2 Qxf4 39. Rxd7 Rxd7 40. Qxd7 Qe4+ 41.
Kg1 Qe3+ 42. Rf2 Qg3+ 43. Kf1 Qh3+ 44. Ke2 Qxd7 45. Nf3 Qxa4 46. Ke3 b5 47. Rd2 Qb3+ 48. Ke4 Qc4+ 49. Nd4 Qc3 50. Rc2 Qe1+ 51. Kd5 b4 52. Rc8+ Kh7 53. Rb8 Qh1+ 54. Kc4 Qe4 55. Rb5 h5 56. e6 fxe6 57. Rxh5+ Kg6 58. Rc5 e5 59. Kxb4 Qxd4+ 60. Rc4 Qxc4+ 61. Kxc4 Kf5 62. Kd3 g5 63. Ke3 g4 64. Kf2 e4 65. Kg2 Kf4 66. Kf2 e3+ 67.
Ke2 1/2-1/2

[Event "*** Titled Tuesday Blitz"]
[Site "Chess.com"]
[Date "2020.05.19"]
[Round "7"]
[White "Tolya2"]
[Black "1f3_2g41-0"]
[Result "0-1"]
[WhiteElo "2439"]
[BlackElo "2319"]
[TimeControl "180+1"]
[EndTime "13:21:50 PDT"]
[Termination "1f3_2g41-0 won by resignation"]

1. Nf3 Nf6 2. d4 g6 3. g3 Bg7 4. Bg2 O-O 5. O-O d5 6. Bf4 c5 7. c3 cxd4 8. cxd4 Nc6 9. Nc3 Bf5 10. Qc1 Rc8 11. Bh6 Ne4 12. Bxg7 Kxg7 13. Qe3 Na5 14. Ne5 Nxc3 15. bxc3 f6 16. Nf3 Nc4 17. Qc1 Qa5 18. Nh4 Nd6 19. Nxf5+ Nxf5 20. Qb2 b6 21. Rfc1 Nd6 22.
Qb4 Qxb4 23. cxb4 e6 24. e3 Rxc1+ 25. Rxc1 Rc8 26. Rxc8 Nxc8 27. Kf1 Kf7 28. Ke2 Nd6 29. Kd3 Ke7 30. f4 f5 31. Bf1 Nc4 32. Be2 Kd6 33.
h3 h5 34. g4 h4 35. g5 Kc6 36. a4 Nb2+ 37. Kc2 Nxa4 38. Bh5 b5 39. Bxg6 Nb6 40.
Bf7 Kd6 41. Be8 a6 42. Kd3 Nc8 43. Bh5 Ne7 44. Bd1 Kc6 45. Bh5 Kd6 46. g6 Ng8 47. g7 Ke7 48. Bg6 Nf6 49. Ke2 Ng8 50. Kf3 Kf6 51. Be8 Kxg7 52. Bc6 Nf6 53. Bb7 Ne8 54.
Bxa6 Nd6 55. Ke2 Kf7 56. Kd3 Ke7 57. Ke2 Kd7 58. e4 fxe4 59. Ke3 Kc6 60. f5 exf5 61. Kf4 Kb6 62. Ke5 Nc4+ 63. Kxf5 Kxa6 64. Kg4 e3 65. Kf3 Kb6 66. Ke2 Kc6 67. Kf3 Kd6 68. Ke2 Ke6 69. Kf3 Kf5 70. Ke2 Ke4 71. Ke1 Kxd4 72. Ke2 Kc3 73.
Kf3 d4 74. Kg4 d3 75. Kxh4 d2 76. Kg5 d1=Q 77. h4 e2 78. h5 e1=Q 79. h6 Qg3+ 80.
Kf6 Qdd6+ 0-1

[Event "*** Titled Tuesday Blitz"]
[Site "Chess.com"]
[Date "2020.05.19"]
[Round "7"]
[White "Sergey85Rodchenkov"]
[Black "OK97"]
[Result "0-1"]
[WhiteElo "2509"]
[BlackElo "2736"]
[TimeControl "180+1"]
[EndTime "13:21:52 PDT"]
[Termination "OK97 won by resignation"]

1. e4 e5 2. Nf3 Nc6 3. Bc4 Bc5 4. d3 d6 5. c3 Bb6 6. Nbd2 h6 7. Nf1 Nge7 8. Ng3 O-O 9. Be3 Kh8 10. d4 d5 11.
exd5 Nxd5 12. Bxd5 Qxd5 13. dxe5 Qxd1+ 14. Rxd1 Bxe3 15. fxe3 Bg4 16. O-O Rfe8 17. Rd5 Bxf3 18. gxf3 Nxe5 19. Kf2 c6 20. Rd4 Re6 21. e4 Rae8 22. b3 g6 23. Rfd1 Rf6 24. Rd8 Rxd8 25. Rxd8+ Kg7 26. Rb8 b6 27. Rb7 Rxf3+ 28. Ke2 Rxc3 29.
Kd2 Rd3+ 30. Ke2 Rd7 31. Rb8 Kf6 32. Nf1 Rd4 33. Nd2 Rd3 34. Rb7 Rh3 35. Nf1 Rh4 36. Ke3 Ng4+ 37. Kf3 Ne5+ 38. Ke3 Rh3+ 39. Ke2 Ng4 40.
Rxa7 Nxh2 41. Ne3 Rh4 42. Kd3 Ng4 43. Ng2 Rh3+ 44. Ke2 Rg3 45. Ne1 Re3+ 46. Kd2 Rxe4 47. Rc7 Re6 48. Rb7 b5 49. a4 bxa4 50. bxa4 Ne5 51. Rc7 h5 52. a5 Nc4+ 53. Kc3 Nxa5 54. Nd3 h4 55. Rc8 h3 56. Rh8 Re3 57. Kd4 Rg3 58. Nf4 Kg7 59. Rxh3 Rxh3 60. Nxh3 Nb7 61. Ke5 c5 62. Nf4 g5 63. Nd3 Kg6 0-1

[Event "*** Titled Tuesday Blitz"]
[Site "Chess.com"]
[Date "2020.05.19"]
[Round "7"]
[White "YQPerez"]
[Black "ameetghasi100"]
[Result "0-1"]
[WhiteElo "2917"]
[BlackElo "2728"]
[TimeControl "180+1"]
[EndTime "13:21:54 PDT"]
[Termination "ameetghasi100 won by resignation"]

1. e4 c6 2. c4 d5 3. exd5 cxd5 4. cxd5 Nf6 5. Qa4+ Nbd7 6. Nc3 g6 7. Bc4 Bg7 8. d3 a6 9. Nf3 O-O 10. Qa3 b6 11.
O-O Bb7 12. Re1 Re8 13. Qb4 b5 14. Bb3 Nb6 15. Qh4 h5 16. Bg5 Nbxd5 17. Ne5 Qd6 18. d4 e6 19. Bxd5 exd5 20. f3 Nh7 21. Bf4 Qb6 22. Qf2 Nf8 23. Rad1 Rac8 24. Be3 Qe6 25. Nd3 Qb6 26. Nc5 Ne6 27. b4 Qc6 28. Ne2 Re7 29. Nf4 Nc7 30. Nfd3 Ba8 31. Bg5 Ree8 32. Bf4 Ne6 33. Be5 f6 34. Bg3 g5 35. h4 a5 36.
a3 axb4 37. axb4 Nf8 38. hxg5 fxg5 39. Be5 Bh6 40. f4 g4 41. f5 Re7 42. Qh4 Rh7 43.
Bf4 Bg7 44. Ne5 Qf6 45. Qxf6 Bxf6 46. Ned7 Nxd7 47. Re6 Nxc5 48. dxc5 Rf7 49. Bd6 Bc6 50. Be5 Bxe5 51. Rxe5 Re8 52. Re6 Rxe6 53. fxe6 Re7 54. Re1 Kg7 55. Re5 Kg6 56. g3 d4 57. Kf2 Kf6 58. Rxh5 Rxe6 59. Rh6+ Ke5 60. Rh4 Bf3 61. Rh8 Kd5 62. Rd8+ Kc4 63. Rc8 Re2+ 64. Kf1 d3 65. c6 d2 66. Rd8 Re1+ 67. Kf2 d1=Q 68. Rxd1 Rxd1 69. c7 Bb7 70. Ke3 Rd7 0-1

[Event "*** Titled Tuesday Blitz"]
[Site "Chess.com"]
[Date "2020.05.19"]
[Round "7"]
[White "GigaQuparadze"]
[Black "Gajuchess"]
[Result "1-0"]
[WhiteElo "2869"]
[BlackElo "2730"]
[TimeControl "180+1"]
[EndTime "13:21:55 PDT"]
[Termination "GigaQuparadze won on time"]

1. e4 c5 2. Nc3 e6 3. Nf3 a6 4.
d4 cxd4 5. Nxd4 Qc7 6. f4 Nc6 7. Be3 b5 8. Nxc6 Qxc6 9. Bd3 Bb7 10.
a3 Rc8 11. O-O Bc5 12. Bxc5 Qxc5+ 13. Kh1 Ne7 14. Qg4 O-O 15. f5 Qe5 16. Rae1 Kh8 17. Nd1 Ng8 18. c3 Nf6 19. Qh4 d5 20. Nf2 Rcd8 21.
exd5 Qxd5 22. Qh3 exf5 23. Bxf5 g6 24. Ne4 Nxe4 25. Bxe4 Qd7 26. Qf3 Bxe4 27. Qf6+ Kg8 28. Rxe4 Qd6 29. h3 Rd7 30. a4 Qd3 31. Ref4 bxa4 32.
Rxa4 Rd6 33. Qf4 Re6 34. Rd4 Qb5 35. Rb4 Qd5 36. Rd4 Qb5 37. b4 a5 38. Kh2 a4 39.
Ra1 Rfe8 40. Qf3 Re2 41. Rd5 Qb8+ 42. Qg3 Qxg3+ 43. Kxg3 R2e3+ 44. Kh2 Rxc3 45. Rxa4 Rc2 46. Rg5 Ree2 47. b5 Rb2 48. Ra8+ Kg7 49. Rb8 h6 50. Rg3 Re5 51. b6 Re6 52. b7 Re7 53. h4 Rexb7 54.
Rxb7 Rxb7 55. Rc3 Rb4 56. g3 g5 57. hxg5 hxg5 58. Kg2 Kg6 59. Kh3 f6 60. Rc8 Ra4 61.
g4 Ra3+ 62. Kg2 Kf7 63. Rc6 Ke7 64. Rb6 Rd3 65. Kf2 Rd6 66. Rb5 Ke6 67. Ke3 Rd5 68.
Rb4 Ra5 69. Ke4 Re5+ 70. Kf3 Re1 71. Rb6+ Kf7 72. Rb7+ Kg6 73. Ra7 Rf1+ 74. Kg3 Rf4 75. Rb7 Re4 76. Ra7 Re1 77. Rb7 Rh1 78. Kf3 1-0

[Event "*** Titled Tuesday Blitz"]
[Site "Chess.com"]
[Date "2020.05.19"]
[Round "7"]
[White "Djager97"]
[Black "ZverevLev"]
[Result "1-0"]
[WhiteElo "2385"]
[BlackElo "2191"]
[TimeControl "180+1"]
[EndTime "13:21:55 PDT"]
[Termination "Djager97 won by resignation"]

1. e4 e5 2. Nf3 Nc6 3. d4 exd4 4. Nxd4 Bc5 5. Nb3 Bb6 6. Qe2 Nf6 7. e5 Nd5 8. c4 Ndb4 9. c5 Ba5 10. Nxa5 Nxa5 11.
a3 Nb3 12. axb4 Nxa1 13. Qc4 O-O 14. Bd3 d6 15. O-O dxe5 16. Rd1 Qe7 17. Qa2 e4 18. Be2 Nc2 19. Qc4 Na1 20. Qa2 Be6 21. Qxa1 Bb3 22. Re1 a5 23. bxa5 Qxc5 24. Be3 Qxa5 25. Qxa5 Rxa5 26. Nc3 f5 27. Bf4 c6 28. h3 Rfa8 29. g4 g6 30. Kg2 Ra1 31. Rxa1 Rxa1 32. f3 exf3+ 33. Bxf3 fxg4 34. hxg4 Ra8 35. g5 Rf8 36.
Kg3 Bc2 37. Ne4 Bxe4 38. Bxe4 Re8 39. Kf3 Kf7 40. Bd2 Rd8 41. Bc3 Re8 42. Ke3 Ra8 43.
Kd4 Ra4+ 44. Ke5 Ra8 45. Kd6 Re8 46. Bc2 Re6+ 47. Kc7 Re7+ 48. Kb6 Rd7 49. Bb3+ Ke7 50. Bf6+ Kd6 51. Bg8 c5 52. Bc4 Rc7 53. Be5+ Kxe5 54. Kxc7 Kf5 55. Kxb7 Kxg5 56. Kc6 h5 57. Kxc5 h4 58. b4 Kf4 59. b5 h3 60. b6 h2 61.
Bd5 g5 62. b7 g4 63. b8=Q+ Ke3 64. Qxh2 1-0

[Event "*** Titled Tuesday Blitz"]
[Site "Chess.com"]
[Date "2020.05.19"]
[Round "7"]
[White "MikeSailer"]
[Black "ljuks68"]
[Result "1-0"]
[WhiteElo "2084"]
[BlackElo "2330"]
[TimeControl "180+1"]
[EndTime "13:21:55 PDT"]
[Termination "MikeSailer won by resignation"]

1. d4 d5 2. Bf4 Nf6 3. e3 c5 4.
Nf3 Nc6 5. Nbd2 Bf5 6. Bd3 Bxd3 7. cxd3 cxd4 8. exd4 e6 9. O-O Bd6 10. Ne5 O-O 11.
Re1 Nxd4 12. Rc1 Nf5 13. h3 Rc8 14. Rxc8 Qxc8 15. Ndf3 Qc7 16. Qd2 Nh5 17. Rc1 Qe7 18. Bh2 f6 19. Ng4 Bxh2+ 20. Ngxh2 e5 21. g4 Nf4 22. gxf5 Nxh3+ 23. Kh1 Qf7 24. Ng1 Nf4 25. Ne2 Nh3 26. Ng1 Ng5 27. Qe3 d4 28. Qg3 e4 29.
Nh3 exd3 30. Nxg5 fxg5 31. Qxd3 Qd5+ 32. Qf3 Rxf5 33. Qxd5+ Rxd5 34. Kg2 d3 35. Nf3 Rd7 36. Nd2 h5 37. Rc3 g4 38. f3 gxf3+ 39. Kxf3 Kf7 40. Kf4 Kf6 41. Ke4 g5 42. Rxd3 Rxd3 43. Kxd3 Kf5 44.
Ke3 g4 45. Nc4 h4 46. Nd6+ Ke5 47. Nxb7 h3 48. Kf2 Kf4 49. Nc5 g3+ 50. Kg1 Kf3 51.
Nd3 Ke3 52. Ne5 Ke2 53. b4 h2+ 54. Kg2 h1=Q+ 55. Kxh1 Kf1 56. Nf3 Kf2 57. Ng1 g2+ 58.
Kh2 Kf1 59. a4 Kf2 60. b5 Ke3 61. a5 Kd4 62. b6 axb6 63. axb6 Kc5 64. b7 1-0